 Dungeon Crawl Stone Soup version 0.30.1-3-gfc49f6343a (webtiles) character file.

Game seed: 4782545695255615560

14018 booth the Cleaver (level 11, -3/81 HPs)
             Began as a Demonspawn Monk on Aug 8, 2023.
             Was an Elder of Hepliaklqana.
             Slain by a two-headed ogre
             ... wielding a +0 giant club
              (19 damage)
             ... on level 11 of the Dungeon.
             The game lasted 01:02:06 (9725 turns).

booth the Cleaver (Demonspawn Monk)                 Turns: 9725, Time: 01:02:07

Health: -3/81      AC: 13    Str: 15    XL:     11   Next: 83%
Magic:  11/11      EV: 16    Int: 13    God:    Hepliaklqana [****..]
Gold:   659        SH:  5    Dex: 15    Spells: 10/10 levels left

rFire   + . .        x - +3 hand axe (heavy)
rCold   . . .        (no shield)
rNeg    . . .        L - +0 steam dragon scales
rPois   .            p - +0 helmet
rElec   .            y - +1 cloak
rCorr   .            M - +2 pair of gloves
SInv    .            s - +0 pair of boots
Will    .....        B - amulet of Enua {Reflect +Blink SH+5}
Stlth   +            E - ring of protection from fire
HPRegen 0.33/turn    (no ring)
MPRegen 0.12/turn

%: reflection
@: about to teleport
A: reduced essence, hooves 2, powered by pain 1, spiny 2, sturdy frame 1
a: Renounce Religion, Evoke Blink, Recall Ancestor, Ancestor Identity,
Transference, Idealise


You were on level 11 of the Dungeon.
You worshipped Hepliaklqana.
Hepliaklqana was greatly pleased with you.
You visited 2 branches of the dungeon, and saw 12 of its levels.
You also visited: Sewer and Ossuary.

You collected 659 gold pieces.

Inventory:

Hand Weapons
 k - the +3 dagger "Videph" {flame, rPois}
   (You found it on level 2 of the Dungeon)

   rPois:     It protects you from poison.
 x - a +3 heavy hand axe (weapon)
 G - the +6 shillelagh "Devastator" {shatter}
   (You found it on level 7 of the Dungeon)
 H - a +2 war axe
Missiles
 g - 5 throwing nets
 t - 68 poisoned darts (quivered)
 I - 2 boomerangs
 O - 5 atropa-tipped darts
Armour
 b - a +1 robe
 d - an orb of light
 l - a +0 robe of willpower
 p - a +0 helmet (worn)
 s - a +0 pair of boots (worn)
 y - a +1 cloak (worn)
 C - a +0 leather armour
 L - +0 steam dragon scales (worn)
 M - a +2 pair of gloves (worn)
 P - a +2 buckler
Jewellery
 B - the amulet of Enua (around neck) {Reflect +Blink SH+5}
   (You found it on level 9 of the Dungeon)

   [amulet of reflection]

   It reflects blocked missile attacks.
   +Blink:    It lets you blink.
   SH:        It affects your SH (+5).
 E - a ring of protection from fire (left hand)
 Q - an amulet of magic regeneration
 S - a ring of protection from cold
Wands
 a - a wand of flame (7)
 n - a wand of light (8)
 D - a wand of polymorph (5)
 J - a wand of iceblast (20)
Scrolls
 e - 13 scrolls of teleportation
 m - a scroll of amnesia
 w - 2 scrolls of poison
 F - 2 scrolls of blinking
 K - a scroll of magic mapping
 T - 2 scrolls of fog
Potions
 c - 2 potions of ambrosia
 f - 3 potions of brilliance
 h - 3 potions of mutation
 i - a potion of haste
 j - a potion of lignification
 o - 10 potions of curing
 r - a potion of resistance
 u - a potion of invisibility
 v - a potion of cancellation
 z - 6 potions of flight
 A - a potion of magic
 N - a potion of berserk rage
 R - a potion of heal wounds


   Skills:
 + Level 10.0 Fighting
 + Level 14.0(14.3) Axes
 + Level 4.3(10.1) Maces & Flails
 + Level 4.3 Armour
 + Level 9.1 Dodging


You had 10 spell levels left.
You didn't know any spells.
Your spell library contained the following spells:

 Spells                   Type           Power      Damage    Failure   Level
 Kiss of Death            Conj/Necr      0%         2d5       30%         1
 Slow                     Hex            0%         N/A       30%         1
 Sting                    Tmut/Pois      0%         1d3       30%         1
 Poisonous Vapours        Pois/Air       0%         N/A       43%         2
 Confusing Touch          Hex            0%         N/A       67%         3
 Summon Guardian Golem    Hex/Summ       0%         N/A       67%         3
 Vampiric Draining        Necr           0%         2d6       67%         3
 Dispel Undead            Necr           0%         3d6       97%         4
 Olgreb's Toxic Radiance  Pois           0%         N/A       97%         4
 Orb of Destruction       Conj           0%         9d5       100%        7
 Spellforged Servitor     Conj/Summ      0%         N/A       100%        7


Dungeon Overview and Level Annotations

Branches:
Dungeon (11/15)            Temple (1/1) D:4            Lair (0/5) D:8
    Orc (0/2) D:9           Sewer (visited)         Ossuary (visited)

Altars:
Ashenzari
Cheibriados
Dithmenos
Fedhas
Gozag
Hepliaklqana
Kikubaaqudgha
Makhleb
Nemelex Xobeh
Okawaru
Qazlal
Ru
Sif Muna
Trog
Uskayaw
Vehumet
Wu Jian
Xom
Yredelemnul

Shops:
D:10 (

Annotations:
D:10 1 runed translucent door, Cheops's ghost, journeyman TrFi


Innate Abilities, Weirdness & Mutations

Your life essence is reduced to manifest your ancestor. (-10% HP)
You have hoof-like feet.
You sometimes gain a little power by taking damage.
You are mostly covered in sharp spines.
Your movements are slightly less encumbered by armour. (ER -2)


Message History

Ingwa is destroyed!
You block the killer bee's attack.
You closely miss the killer bee. You block the killer bee's attack.
You barely miss the two-headed ogre. The killer bee closely misses you.
You slash the two-headed ogre!
The two-headed ogre is moderately wounded.
You barely miss the killer bee. The killer bee misses you.
The two-headed ogre hits you with a +0 giant club!
The two-headed ogre hits you with a +0 giant club.
The killer bee barely misses you.
You hit the two-headed ogre but do no damage.
The two-headed ogre is moderately wounded.
You hit the killer bee. You barely miss the two-headed ogre.
The killer bee is struck by your spines.
You kill the killer bee!
The two-headed ogre is struck by your spines.
The two-headed ogre completely misses you.
The two-headed ogre hits you with a +0 giant club!!
As you read the scroll of teleportation, it crumbles to dust.
You feel strangely unstable.
The two-headed ogre completely misses you. x2
A centaur comes into view.
You slash the two-headed ogre!
The two-headed ogre is heavily wounded.
You closely miss the two-headed ogre.
The two-headed ogre hits you with a +0 giant club!
The two-headed ogre misses you.
You slice the two-headed ogre!!
The two-headed ogre is almost dead.
You hit the two-headed ogre.
You hear a shout!
You block the two-headed ogre's attack.
The two-headed ogre hits you but does no damage.
You barely miss the two-headed ogre.
The two-headed ogre is almost dead.
You slash the two-headed ogre!
The two-headed ogre hits you with a +0 giant club!!
* * * LOW HITPOINT WARNING * * *
The two-headed ogre hits you with a +0 giant club!!
You die...

$.. ..###
.#.##
##...##
#.....#####
#.....#...#
#..)..#...#
#
#.OO.#...##.
##@#....).c.
###.....###
#.....#
###.....##
##.#...<..#
##....##...#
#.....####.#
#.....# ...
#.....# ....


You could see 2 two-headed ogres.

Vanquished Creatures
  2 two-headed ogres
  Amaemon (D:10)
  Pikel (D:8)
  An orc sorcerer (D:9)
  Joseph (D:7)
  An orange demon (D:10)
  A meliai (D:11)
  A troll (D:8)
  Sigmund (D:3)
  A wraith (D:7)
  4 yaks (D:10)
  A wyvern (D:9)
  A steam dragon (D:10)
  Grum (D:8)
  An acid dragon (D:10)
  Duvessa (D:5)
  4 orc warriors
  A water moccasin (D:5)
  2 ogres
  3 wolves (D:8)
  2 centaurs
  2 lemures (D:8)
  3 bullfrogs
  A gnoll sergeant (D:6)
  3 scorpions
  6 water moccasin zombies (Ossuary)
  6 wights
  20 killer bees
  An electric eel (D:8)
  2 howler monkeys (D:9)
  3 hounds
  A jelly (D:8)
  2 gnoll boudas
  5 orc priests (D:9)
  Crazy Yiuf (D:3)
  A sleepcap (D:6)
  Jessica (D:3)
  4 iguanas
  6 orc wizards
  A mummy (Ossuary)
  Robin (D:3)
  10 gnolls
  6 adders
  A river rat (Sewer)
  A white imp (D:8)
  2 ufetubi (D:6)
  An adder zombie (Ossuary)
  4 worms
  3 dart slugs
  33 orcs
  7 ball pythons
  7 endoplasms
  4 giant cockroaches
  A gnoll zombie (Ossuary)
  12 goblins
  14 hobgoblins
  3 quokkas
  5 bats
  2 frilled lizards
  6 hobgoblin zombies (Ossuary)
  16 kobolds
  4 kobold zombies (Ossuary)
  4 orc zombies (Ossuary)
  11 rats
259 creatures vanquished.

Vanquished Creatures (collateral kills)
  Gastronok (D:9)
  A two-headed ogre (D:8)
  A wraith (D:6)
  A vampire (D:9)
  A yak (D:10)
  2 black bears
  2 orc warriors (D:9)
  2 sky beasts (D:6)
  5 ice beasts
  2 wolves (D:8)
  2 ogres (D:5)
  A centaur (D:9)
  4 kobold brigands
  A bullfrog (D:7)
  3 wights
  Dowan (D:5)
  4 killer bees
  A howler monkey (D:10)
  3 orc priests
  2 hounds
  2 gnoll boudas
  A jelly (D:5)
  A sleepcap (D:6)
  3 orc wizards
  A mummy (Ossuary)
  3 adders
  8 gnolls
  An ufetubus (D:5)
  A worm (D:6)
  8 orcs
  A giant cockroach (D:6)
  6 kobolds
  An orc zombie (Ossuary)
  3 rats (Sewer)
80 creatures vanquished.

Vanquished Creatures (others)
  3 hexers
  A kobold (D:6)
4 creatures vanquished.

Grand Total: 343 creatures vanquished

Notes
Turn   | Place    | Note
-------+----------+-------------------------------------------
     0 | D:1      | booth the Demonspawn Monk began the quest for the Orb.
     0 | D:1      | Reached XP level 1. HP: 18/18 MP: 1/1
   196 | D:1      | Gained mutation: You are partially covered in sharp spines.
                  | [demonic ancestry]
   196 | D:1      | Reached XP level 2. HP: 23/24 MP: 2/2
   344 | D:1      | Reached skill level 3 in Axes
   671 | D:2      | Gained mutation: You sometimes gain a little power by
                  | taking damage. [demonic ancestry]
   671 | D:2      | Reached XP level 3. HP: 15/29 MP: 3/3
   768 | D:2      | Identified the +3 dagger "Videph" {flame, rPois}
  1174 | D:2      | Reached XP level 4. HP: 30/37 MP: 4/4
  1273 | D:2      | Identified the +1 dagger of Equilibrium {flame, Dex+4}
  1439 | D:2      | Identified a scroll of acquirement
  1439 | D:2      | Acquired a manual of Axes
  1583 | D:3      | Noticed Sigmund
  1583 | D:3      | Noticed Jessica
  1611 | D:3      | Killed Sigmund
  1612 | D:3      | Reached skill level 5 in Axes
  1612 | D:3      | Reached XP level 5. HP: 26/43 MP: 5/5
  1617 | D:3      | Killed Jessica
  1618 | D:3      | Gained mutation: You have large cloven feet. [demonic
                  | ancestry]
  1618 | D:3      | Reached XP level 6. HP: 27/49 MP: 6/6
  1771 | D:3      | Noticed Robin
  1779 | D:3      | Killed Robin
  1897 | D:3      | Found a faded altar of an unknown god.
  2313 | D:3      | Found a runed translucent door.
  2314 | D:3      | Noticed Crazy Yiuf
  2324 | D:3      | Killed Crazy Yiuf
  2413 | D:4      | Found a bloodstained altar of Trog.
  2572 | D:4      | Found a burning altar of Makhleb.
  2623 | D:4      | Found a staircase to the Ecumenical Temple.
  2692 | D:4      | Reached skill level 6 in Axes
  2724 | Temple   | Entered the Ecumenical Temple
  3093 | D:4      | Found a shadowy altar of Dithmenos.
  3256 | D:4      | Found a hazy altar of Hepliaklqana.
  3426 | D:4      | Became a worshipper of Hepliaklqana the Forgotten
  3426 | D:4      | Reached * piety under Hepliaklqana
  3426 | D:4      | Reached ** piety under Hepliaklqana
  3427 | D:4      | Remembered your ancestor Ingwa as a hexer
  3440 | D:5      | Entered Level 5 of the Dungeon
  3459 | D:5      | Reached skill level 5 in Fighting
  3459 | D:5      | Gained mutation: Your movements are slightly less
                  | encumbered by armour. (ER -2) [demonic ancestry]
  3459 | D:5      | Reached XP level 7. HP: 44/50 MP: 7/7
  3556 | D:5      | Reached skill level 7 in Axes
  3666 | D:5      | Reached skill level 8 in Axes
  3666 | D:5      | Reached skill level 5 in Dodging
  3800 | D:5      | Gained mutation: You are mostly covered in sharp spines.
                  | [demonic ancestry]
  3800 | D:5      | Reached XP level 8. HP: 55/56 MP: 8/8
  3923 | D:5      | Noticed Duvessa
  3923 | D:5      | Noticed Dowan
  3934 | D:5      | Reached skill level 9 in Axes
  3940 | D:5      | Killed Duvessa
  3943 | D:5      | Killed Dowan
  4391 | D:6      | Found a sand-covered staircase.
  4424 | D:6      | Reached skill level 10 in Axes
  4463 | Ossuary  | Entered an ossuary
  4573 | Ossuary  | Gained mutation: You have hoof-like feet. [demonic
                  | ancestry]
  4573 | Ossuary  | Reached XP level 9. HP: 44/63 MP: 9/9
  4806 | D:6      | Reached skill level 11 in Axes
  4937 | D:6      | Reached skill level 12 in Axes
  4940 | D:6      | Identified the staff of conjuration "Navitteh" {rF+ rC-
                  | rCorr}
  4994 | D:6      | Found an iron altar of Okawaru.
  4997 | D:6      | Found a sacrificial altar of Ru.
  5003 | D:6      | Found a broken altar of Ashenzari.
  5105 | D:6      | Found a glowing drain.
  5120 | Sewer    | Entered a sewer
  5854 | D:7      | Found the +6 shillelagh "Devastator" {shatter}
  6022 | D:7      | Found an ancient bone altar of Kikubaaqudgha.
  6078 | D:7      | Reached XP level 10. HP: 60/72 MP: 10/10
  6119 | D:7      | Reached *** piety under Hepliaklqana
  6174 | D:7      | Noticed Joseph
  6192 | D:7      | Killed Joseph
  6430 | D:8      | Noticed Grum
  6434 | D:8      | Reached skill level 13 in Axes
  6442 | D:8      | Killed Grum
  6724 | D:8      | Noticed Pikel
  6729 | D:8      | Killed Pikel
  6750 | D:8      | Noticed a two-headed ogre
  6755 | D:8      | Killed a two-headed ogre
  6756 | D:8      | Reached skill level 1 in Maces & Flails
  6756 | D:8      | Reached skill level 1 in Armour
  7089 | D:8      | Found a staircase to the Lair.
  7147 | D:8      | Noticed a two-headed ogre
  7155 | D:8      | Killed a two-headed ogre
  7160 | D:8      | Reached XP level 11. HP: 49/80 MP: 11/11
  7417 | D:9      | Noticed Gastronok
  7425 | D:9      | Killed Gastronok
  7479 | D:9      | Found a hide-covered altar of Uskayaw.
  7533 | D:9      | Identified the amulet of Enua {Reflect +Blink SH+5}
  7763 | D:9      | Noticed an orc sorcerer
  7768 | D:9      | Killed an orc sorcerer
  7793 | D:9      | Found a staircase to the Orcish Mines.
  8449 | D:10     | Entered Level 10 of the Dungeon
  8449 | D:10     | Noticed Cheops's ghost (journeyman TrFi)
  8449 | D:10     | Found a runed translucent door.
  8651 | D:10     | Found an ornate altar of the Wu Jian Council.
  8662 | D:10     | Noticed Amaemon
  8683 | D:10     | Killed Amaemon
  8876 | D:10     | Found Qiuchorch's Weapon Shop.
  8979 | D:10     | Noticed a two-headed ogre
  8985 | D:10     | Killed a two-headed ogre
  8986 | D:10     | Reached skill level 14 in Axes
  9338 | D:10     | Reached **** piety under Hepliaklqana
  9709 | D:11     | Noticed a two-headed ogre
  9711 | D:11     | Noticed a two-headed ogre
  9716 | D:11     | Reached skill level 10 in Fighting
  9725 | D:11     | Slain by a two-headed ogre

Illustrated notes

Levels and vault maps discovered:
D:1:      nzn_arrival_water_spiral, layout_loops_cross
D:2:      layout_rooms, minmay_between
D:3:      layout_rooms, shapermc_ecumenical_altar_totnotflames,
          kennysheep_generic_room_2, uniq_jessica, uniq_robin, uniq_sigmund,
          uniq_crazy_yiuf_cottage
D:4:      layout_rooms, mainiacjoe_overflow_catwalk_spiral,
          gammafunk_temple_overflow_statue, mainiacjoe_overflow_six_doors_small,
          lightli_temple_of_fire, minmay_temple_entry_overgrown
D:5:      layout_basic, serial_bayou_ford_a, uniq_duvessa
D:6:      minmay_clustersquares, layout_cave_pools,
          chequers_temple_overflow_statue_of_worship, gup_sewer_entry_bowl,
          nicolae_ossuary_entry_ruins
D:7:      layout_rooms, lemuel_crystal_altar, uniq_joseph
D:8:      layout_basic, erik_lair_island, abandoned_shop, uniq_pikel, uniq_grum
D:9:      cheibrodos_wizards_tower, layout_cave_pools,
          mainiacjoe_overflow_tiny_flanked, david_orc_5, kennysheep_potato,
          uniq_gastronok
D:10:     layout_long_grid, nicolae_overflow_crystal_walls,
          hellmonk_ghost_happy_afterlife, serial_shops, nicolae_shop_trees,
          kennysheep_generic_room_13, uniq_amaemon
D:11:     regret_index_combs_of_tragedy, layout_rooms, serial_shops, shop,
          shop_statue, shop, nicolae_shop_crystal, gauntlet_entry_generic
Temple:   jpeg_temple_alley_garden

Skill      XL: |  1  2  3  4  5  6  7  8  9 10 11 |
---------------+----------------------------------+-----
Axes           | 3 5 6 8 10 12 13 14 | 14.0
Dodging        | 3 4 5 6 7 8 9 |  9.1
Fighting       | 4 5 6 7 9 10 | 10.0
Maces & Flails | 2 4 |  4.3
Armour         | 2 4 |  4.3

Action                     |  1- 3 |  4- 6 |  7- 9 | 10-12 || total
---------------------------+-------+-------+-------+-------++-------
  Melee: Hand axe          |    89 |   135 |   261 |   135 ||   620
         Dagger            |       |     6 |       |       ||     6
         Kick              |       |     3 |       |       ||     3
         Shillelagh        |       |       |       |    55 ||    55
         Punch             |       |       |       |     1 ||     1
  Throw: Dart              |       |       |     3 |     2 ||     5
         Boomerang         |       |       |       |     1 ||     1
 Invoke: Ancestor Life: He |       |     1 |       |       ||     1
         Ancestor Identity |       |       |     1 |       ||     1
    Use: Scroll            |     5 |     7 |     5 |     8 ||    25
         Potion            |     1 |     2 |     5 |     3 ||    11
   Stab: Confused          |       |       |    12 |     4 ||    16
         Distracted        |       |       |       |     9 ||     9
 Armour: Robe              |    11 |     9 |     5 |       ||    25
         Leather armour    |       |       |    28 |    19 ||    47
         Steam dragon scal |       |       |       |    12 ||    12
  Dodge: Dodged            |    60 |    70 |   131 |   138 ||   399
  Block: Orb               |       |     7 |    52 |    33 ||    92
         Reflection        |       |       |     4 |     3 ||     7
         Other             |       |       |       |    13 ||    13
